Map: [ESL] Data-C

Players

Reynor

  • Race: Protoss Protoss
  • League: Master
  • Spawn Location: 9:00

Serral - Winner!

  • Race: Zerg Zerg
  • League: Master
  • Spawn Location: 3:00

VOD

Have the link to the VOD?

Description

Time

  • Played on: Oct. 19, 2022, 2:59 p.m.
  • Length: 15:55
Show
View Real Time Build Order
Export as new Build Order

Reynor Protoss 

Build Orders: 1 Gate Expand, Oracle Opening 

Get SALT Encoding   

  12  0:00  Probe  
  13  0:12  Probe  
  14  0:19  Pylon  
  14  0:24  Probe  
  15  0:38  Probe (Chrono Boost)  
  15  0:40  Gateway  
  16  0:49  Probe (Chrono Boost)  
  17  0:50  Assimilator  
  17  0:54  Probe (Chrono Boost)  
  19  1:04  Probe  
  19  1:16  Probe  
  20  1:28  Nexus  
  20  1:39  Cybernetics Core  
  20  1:42  Probe  
  21  1:49  Assimilator  
  21  1:54  Probe  
  21  1:58  Pylon  
  22  2:06  Probe  
  23  2:14  Adept (Chrono Boost)  
  23  2:19  Probe  
  26  2:23  Stargate  
  26  2:30  Warp Gate  
  26  2:31  Probe  
  26  2:35  Adept (Chrono Boost)  
  27  2:42  Probe  
  27  2:43  Probe  
  31  2:54  Probe  
  31  2:55  Probe  
  31  2:56  Adept  
  35  3:05  Oracle (Chrono Boost)  
  35  3:06  Probe  
  35  3:08  Probe  
  40  3:18  Probe  
  41  3:20  Probe  
  42  3:30  Probe  
  42  3:32  Probe  
  44  3:36  Oracle (Chrono Boost)  
  44  3:38  Pylon  
  45  3:42  Probe  
  45  3:47  Gateway  
  45  3:48  Probe  
  45  3:54  Probe  
  46  4:00  Probe  
  47  4:05  Nexus  
  47  4:06  Probe  
  47  4:07  Pylon  
  48  4:16  Void Ray (Chrono Boost)  
  52  4:17  Probe  
  52  4:19  Probe  
  54  4:26  Assimilator  
  54  4:28  Adept  
  54  4:29  Probe  
  57  4:33  Probe  
  57  4:35  Assimilator  
  57  4:36  Pylon  
  58  4:42  Probe  
  58  4:45  Twilight Council, Forge, Probe  
  60  4:54  Probe  
  60  4:57  Probe  
  62  5:02  Adept x2  
  62  5:06  Probe  
  65  5:09  Probe (Chrono Boost)  
  70  5:16  Protoss Ground Weapons Level 1 (Chrono Boost), Void Ray  
  70  5:18  Probe x2 (Chrono Boost)  
  70  5:20  Pylon  
  73  5:21  Probe (Chrono Boost)  
  73  5:23  Charge  
  75  5:28  Probe x2 (Chrono Boost)  
  75  5:29  Probe (Chrono Boost)  
  75  5:32  Sentry  
  75  5:33  Zealot, Probe (Chrono Boost)  
  81  5:35  Probe (Chrono Boost)  
  81  5:36  Probe (Chrono Boost)  
  83  5:48  Probe (Chrono Boost)  
  83  5:49  Probe (Chrono Boost)  
  86  5:50  Shield Battery  
  86  5:53  Zealot  
  86  5:54  Probe (Chrono Boost)  
  86  5:56  Probe (Chrono Boost)  
  93  5:59  Void Ray  
  93  6:00  Pylon  
  93  6:03  Assimilator  
  93  6:07  Assimilator  
  93  6:16  Probe x2  
  94  6:18  Probe  
  94  6:28  Gateway, Probe x2  
  94  6:30  Templar Archives, Gateway, Probe  
  94  6:32  Nexus  
  95  6:34  Zealot x2  
  95  6:39  Pylon  
  99  6:40  Probe  
  99  6:42  Nexus  
  99  6:45  Pylon  
  100  6:56  Photon Cannon  
  100  6:57  Pylon  
  100  6:58  Psionic Storm  
  104  7:03  Void Ray, Pylon  
  104  7:07  Zealot  
  106  7:11  Gateway  
  106  7:12  Gateway  
  106  7:13  Photon Cannon  
  106  7:14  Probe x2  
  108  7:16  Probe  
  109  7:26  Probe  
  110  7:31  High Templar x2  
  110  7:32  High Templar x2  
  110  7:35  Probe x2, Protoss Ground Weapons Level 2 (Chrono Boost), Photon Cannon  
  110  7:36  Pylon  
  120  7:38  Shield Battery, Probe  
  121  7:47  Probe x2  
  121  7:48  Photon Cannon  
  121  7:49  Photon Cannon  
  121  7:50  Probe  
  124  7:52  Photon Cannon  
  124  7:54  Shield Battery  
  124  7:55  Forge  
  124  7:57  Gateway, Probe  
  125  7:59  Probe  
  125  8:00  Gateway  
  125  8:05  High Templar x2  
  130  8:06  High Templar x2  
  130  8:07  Probe x2  
  130  8:10  Archon x2  
  130  8:11  Photon Cannon  
  136  8:13  Zealot x2  
  136  8:14  Shield Battery  
  140  8:20  Probe x2  
  140  8:22  Assimilator  
  140  8:23  Assimilator  
  140  8:24  Pylon  
  142  8:27  Photon Cannon  
  142  8:28  Protoss Shields Level 1 (Chrono Boost)  
  142  8:29  Robotics Facility  
  142  8:35  Gateway  
  142  8:36  Gateway  
  142  8:39  Probe x2  
  142  8:40  High Templar x2  
  139  8:41  Probe  
  139  8:44  Archon  
  139  8:45  Stalker x2  
  139  8:47  Probe  
  144  8:54  Probe x2  
  137  8:58  Probe  
  137  9:02  Probe  
  136  9:06  Probe  
  136  9:07  Photon Cannon  
  136  9:08  Probe  
  136  9:09  Stalker x4  
  142  9:11  Blink (Chrono Boost)  
  142  9:12  Probe  
  142  9:13  Phoenix (Chrono Boost)  
  145  9:20  Shield Battery  
  145  9:21  Probe x2  
  147  9:28  Pylon  
  147  9:30  Stalker x3  
  153  9:32  Phoenix  
  153  9:34  Probe x3  
  153  9:38  High Templar  
  160  9:45  Stalker x2, Pylon  
  164  9:48  Probe x2  
  164  9:51  Probe x2  
  157  9:56  Stalker x2  
  157  9:57  Phoenix  
  159  10:00  Probe  
  159  10:02  Probe  
  159  10:03  Probe  
  159  10:04  Probe  
  154  10:09  Stalker  
  154  10:13  Probe (Chrono Boost)  
  149  10:15  Probe (Chrono Boost)  
  149  10:17  Probe (Chrono Boost)  
  149  10:20  High Templar  
  143  10:22  Phoenix (Chrono Boost), Probe (Chrono Boost)  
  143  10:25  Probe (Chrono Boost)  
  143  10:27  Probe (Chrono Boost)  
  149  10:29  Probe (Chrono Boost)  
  149  10:32  Probe (Chrono Boost), Photon Cannon  
  149  10:33  Probe (Chrono Boost), High Templar  
  155  10:43  Stalker x3  
  155  10:45  Shield Battery  
  155  10:46  Protoss Shields Level 2 (Chrono Boost)  
  161  10:57  Zealot x6  
  165  10:58  Protoss Ground Armor Level 1 (Chrono Boost)  
  165  10:59  Probe x2  
  165  11:02  Probe  
  153  11:15  Stalker x2  
  153  11:16  Stalker x2  
  153  11:17  Stalker  
  153  11:18  Stalker  
  151  11:20  Probe  
  151  11:22  Stalker x4  
  158  11:25  Probe x3  
  155  11:36  Probe  
  154  11:40  High Templar x2  
  154  11:44  Probe x3  
  161  11:48  Probe  
  161  11:51  Pylon  
  161  11:52  Pylon  
  162  11:55  Photon Cannon, High Templar  
  162  11:56  Photon Cannon, High Templar  
  162  12:00  Photon Cannon  
  166  12:02  Archon, Photon Cannon  
  166  12:08  Probe x2  
  165  12:10  Probe  
  165  12:13  High Templar  
  163  12:19  Probe  
  163  12:22  Phoenix  
  166  12:23  Probe  
  166  12:29  Probe  
  168  12:33  Probe  
  168  12:34  Probe  
  168  12:35  Zealot x9, Probe  
  175  12:41  Probe  
  170  12:46  Probe x2  
  170  12:47  Probe  
  173  12:53  Probe  
  173  12:58  Probe x2  
  157  13:00  Probe  
  152  13:09  Stalker  
  152  13:10  Stalker x5  
  152  13:12  Archon, Probe x2  
  148  13:13  Stalker  
  148  13:14  Stalker x3  
  148  13:15  Probe x2 (Chrono Boost)  
  130  13:24  Probe (Chrono Boost)  
  134  13:27  Probe (Chrono Boost)  
  134  13:28  Probe (Chrono Boost)  
  134  13:30  Probe (Chrono Boost)  
  134  13:34  Probe (Chrono Boost)  
  135  13:35  High Templar x2  
  135  13:36  Probe x2 (Chrono Boost), High Templar x2  
  135  13:37  Probe (Chrono Boost)  
  135  13:39  Probe (Chrono Boost)  
  145  13:42  Archon  
  145  13:43  Archon, High Templar  
  145  13:44  Probe x2  
  150  13:48  Probe  
  150  13:50  Probe  
  151  13:56  Zealot x5, Probe x2  
  151  14:00  Probe  
  164  14:04  Probe  
  164  14:07  Stalker  
  164  14:09  Probe  
  140  14:11  High Templar x2  
  140  14:12  Probe, High Templar  
  140  14:14  Warp Prism (Chrono Boost)  
  140  14:16  Probe  
  147  14:20  Probe  
  150  14:26  Probe x2  
  150  14:29  Zealot x2  
  150  14:31  Probe  
  157  14:33  High Templar x3  
  157  14:37  Archon  
  163  14:38  Zealot x2  
  163  14:43  Observer (Chrono Boost)  
  168  14:56  Observer (Chrono Boost)  
  129  15:07  Zealot x7  
  129  15:08  Zealot x2  
  129  15:09  Probe x2  
  129  15:13  High Templar x4  
  121  15:17  Zealot, Stalker x2  
  121  15:18  Zealot x3  
  121  15:19  Probe x2  
  123  15:22  Pylon  
  123  15:28  High Templar x2  
  123  15:31  Nexus  
  123  15:32  Pylon  
  123  15:34  Archon  
  127  15:36  Probe  
  127  15:37  Probe  
  127  15:38  Archon  
  127  15:39  Archon  
  127  15:40  Zealot x4  
  127  15:42  Probe x2  
  120  15:49  Zealot x4  
Show
View Real Time Build Order
Export as new Build Order

Serral Zerg - Winner!

Build Orders: Hatch First 

Get SALT Encoding   

  12  0:00  Drone  
  13  0:12  Overlord  
  13  0:17  Drone  
  14  0:30  Drone  
  14  0:31  Drone  
  16  0:43  Drone  
  17  0:52  Hatchery  
  17  0:54  Drone  
  17  0:59  Drone  
  18  1:08  Extractor  
  17  1:15  Spawning Pool  
  17  1:17  Drone  
  17  1:20  Drone  
  18  1:29  Drone  
  19  1:39  Drone  
  20  1:49  Overlord  
  20  2:01  Queen  
  20  2:04  Zergling x2, Queen  
  20  2:05  Zergling x2  
  26  2:10  Drone  
  26  2:13  Metabolic Boost  
  26  2:15  Drone  
  28  2:21  Drone  
  29  2:26  Drone  
  30  2:37  Hatchery  
  29  2:43  Queen  
  31  2:47  Drone  
  31  2:51  Drone  
  33  2:54  Overlord  
  33  3:04  Zergling x4  
  35  3:05  Drone, Overlord  
  35  3:12  Queen  
  38  3:18  Drone x3  
  41  3:23  Drone  
  42  3:32  Drone x3  
  44  3:34  Queen  
  44  3:37  Overlord  
  45  3:42  Zergling x2  
  45  3:43  Drone x3  
  45  3:47  Drone x2  
  50  3:52  Queen  
  52  3:58  Spore Crawler  
  52  4:01  Drone  
  52  4:04  Drone x4  
  52  4:07  Spore Crawler  
  55  4:11  Overlord  
  55  4:13  Zergling x2  
  55  4:20  Zergling x2, Drone x3  
  59  4:24  Drone  
  59  4:25  Evolution Chamber  
  59  4:26  Drone  
  59  4:28  Drone  
  59  4:29  Drone  
  62  4:32  Drone  
  62  4:37  Zergling x2  
  65  4:38  Drone x3  
  65  4:40  Overlord  
  65  4:42  Drone  
  68  4:49  Drone  
  68  4:51  Zerg Melee Weapons Level 1  
  69  4:55  Drone  
  69  4:57  Overlord  
  69  4:58  Drone  
  71  5:00  Drone x2  
  71  5:02  Drone  
  71  5:03  Hatchery  
  71  5:05  Zergling x2  
  71  5:10  Lair  
  71  5:12  Drone x4  
  73  5:16  Zergling x6  
  73  5:20  Roach Warren, Extractor  
  74  5:21  Extractor  
  74  5:23  Drone x2  
  74  5:25  Drone, Extractor  
  75  5:28  Drone  
  75  5:31  Drone  
  77  5:37  Drone x5  
  77  5:40  Overlord  
  77  5:41  Overlord x2  
  82  5:45  Spore Crawler  
  82  5:48  Queen, Extractor  
  82  5:50  Extractor  
  82  5:52  Drone  
  82  5:54  Overlord  
  81  5:58  Drone  
  81  6:00  Drone x3  
  81  6:01  Drone x2  
  87  6:05  Zergling x4  
  87  6:09  Glial Reconstitution  
  87  6:10  Drone x2  
  87  6:11  Drone x2  
  86  6:18  Drone  
  86  6:19  Drone x4  
  86  6:25  Drone x2  
  92  6:26  Drone  
  92  6:27  Spire  
  92  6:35  Drone x7  
  92  6:39  Overlord  
  98  6:42  Roach x5  
  98  6:46  Extractor  
  106  6:47  Extractor  
  106  6:51  Drone  
  106  6:52  Drone  
  106  6:54  Drone x2  
  107  6:56  Overseer, Roach x3  
  113  7:04  Overlord  
  113  7:05  Drone  
  113  7:06  Drone x3  
  117  7:09  Roach x5  
  126  7:16  Baneling Nest  
  126  7:18  Roach  
  126  7:19  Overlord x2  
  126  7:20  Overlord x2  
  127  7:30  Zerg Melee Weapons Level 2  
  127  7:32  Overlord  
  127  7:34  Overseer  
  127  7:35  Overlord x2  
  127  7:44  Mutalisk x9  
  127  7:48  Zerg Flyer Weapons Level 1, Mutalisk  
  127  7:49  Mutalisk  
  149  7:54  Mutalisk  
  149  7:55  Zergling x8  
  149  7:56  Zergling x2  
  156  8:00  Centrifugal Hooks  
  156  8:06  Drone x2  
  156  8:07  Drone  
  156  8:08  Mutalisk  
  156  8:10  Mutalisk  
  156  8:12  Zergling x14  
  170  8:15  Overlord  
  170  8:22  Mutalisk x2  
  174  8:27  Hatchery  
  174  8:28  Baneling x2  
  174  8:29  Baneling x3  
  174  8:30  Mutalisk  
  174  8:31  Zergling x8  
  174  8:33  Baneling  
  178  8:40  Mutalisk x2  
  182  8:46  Mutalisk  
  184  8:59  Mutalisk x3  
  190  9:07  Mutalisk  
  188  9:17  Drone  
  188  9:18  Drone x2, Overlord x2  
  191  9:25  Overlord x2  
  191  9:28  Baneling  
  191  9:29  Baneling x8  
  188  9:33  Mutalisk x2, Spine Crawler  
  188  9:34  Spine Crawler  
  188  9:35  Spine Crawler  
  188  9:36  Spine Crawler  
  188  9:39  Infestation Pit, Mutalisk, Extractor  
  188  9:40  Mutalisk  
  188  9:41  Spore Crawler, Drone  
  188  9:42  Drone x2, Extractor  
  191  9:46  Zerg Missile Weapons Level 1  
  191  9:50  Mutalisk  
  191  9:51  Mutalisk  
  179  10:07  Mutalisk x3  
  179  10:13  Mutalisk x2  
  185  10:20  Zergling x18  
  188  10:24  Hive  
  188  10:29  Zergling x2, Baneling x11  
  188  10:30  Zergling x22  
  188  10:34  Pneumatized Carapace  
  200  10:42  Zergling x4  
  200  10:51  Baneling x5  
  200  10:52  Baneling x2  
  195  11:02  Zergling x24  
  195  11:03  Zergling x6  
  194  11:10  Zergling x26  
  172  11:19  Roach x9  
  172  11:25  Evolution Chamber  
  185  11:29  Roach x5  
  185  11:30  Roach  
  191  11:41  Baneling x24  
  191  11:42  Baneling x7  
  191  11:44  Zerg Missile Weapons Level 2  
  191  11:47  Greater Spire  
  191  11:50  Adrenal Glands  
  191  11:57  Zerg Melee Weapons Level 3  
  191  12:00  Overseer  
  191  12:04  Zergling x18  
  191  12:08  Hatchery  
  195  12:28  Zergling x16  
  197  12:42  Zergling x6  
  197  12:53  Baneling x13  
  186  12:59  Zergling x34  
  186  13:03  Zergling x18  
  186  13:04  Zergling x4  
  195  13:09  Zergling x28  
  193  13:15  Zergling x18  
  163  13:30  Roach x6  
  163  13:31  Baneling x20  
  163  13:32  Overseer  
  163  13:34  Roach  
  177  13:36  Drone  
  176  13:42  Drone x4  
  176  13:43  Drone x3  
  183  13:52  Drone x2  
  183  13:55  Zergling x20  
  183  14:05  Zergling x2  
  183  14:06  Zergling x18  
  172  14:11  Zergling x14  
  177  14:18  Baneling x13  
  172  14:25  Zergling x20  
  176  14:35  Baneling x4  
  176  14:38  Roach x6  
  176  14:39  Baneling x15  
  186  14:46  Baneling x11  
  186  14:47  Zergling x10  
  186  14:51  Baneling x11  
  177  15:01  Zergling x2  
  177  15:02  Zergling x26  
  177  15:06  Zergling x10  
  170  15:11  Zergling x14  
  169  15:20  Zergling x12  
  173  15:33  Hatchery  
  169  15:37  Zergling x26  
  173  15:43  Hatchery  
Tags
 
Add a new tag
Caveats
  • Supply blocks, unpowered buildings, or Contaminate may cause inaccurate times.
  • Supply counts are checked every 10 seconds.